Description

BeastyQt (TvP MECH GUIDE VS NEEB) Copy

Replay - TvP MECH GUIDE VS NEEB

Build Order

Get SALT Encoding   

  12  0:00  SCV  
  13  0:12  SCV  
  14  0:18  Supply Depot  
  14  0:24  SCV  
  15  0:39  SCV  
  15  0:41  Barracks  
  16  0:46  Refinery  
  16  0:51  SCV  
  17  1:03  SCV  
  18  1:16  SCV  
  19  1:28  Orbital Command  
  19  1:31  Marine  
  20  1:42  Command Center  
  20  1:55  Factory  
  20  1:58  SCV  
  21  2:08  Barracks Reactor  
  21  2:11  SCV, Supply Depot  
  22  2:18  Refinery  
  22  2:23  SCV  
  24  2:42  Starport  
  24  2:45  Marine x2  
  27  2:51  Widow Mine  
  27  2:54  Orbital Command  
  29  3:03  Marine x2  
  33  3:21  Widow Mine, Marine x2  
  33  3:24  Medivac  
  40  3:30  Supply Depot  
  41  3:39  Marine x2  
  46  3:51  Widow Mine  
  46  3:53  Supply Depot  
  49  3:55  Viking  
  52  4:03  Marine  
  54  4:11  Supply Depot  
  58  4:37  Cyclone x2  
  61  4:39  Command Center  
  67  4:57  Refinery x2  
  67  4:58  Viking  
  69  5:11  Engineering Bay  
  69  5:14  Cyclone  
  69  5:15  Barracks Tech Lab  
  71  5:22  Cyclone  
  75  5:28  Starport Tech Lab  
  78  5:52  Orbital Command  
  78  5:54  Factory x2  
  78  5:55  Refinery  
  78  5:56  Widow Mine x2  
  79  5:58  Starport Reactor  
  85  6:09  Factory x2  
  87  6:22  Missile Turret x2  
  89  6:29  Widow Mine x2, Missile Turret  
  96  6:40  Siege Tank x2  
  96  6:46  Medivac  
  108  7:02  Missile Turret, Factory Tech Lab  
  108  7:03  Factory Reactor  
  110  7:12  Missile Turret  
  110  7:17  Armory x2  
  107  7:40  Command Center  
  110  7:45  Missile Turret  
  111  7:53  Hellion x3  
  111  7:55  Widow Mine x3  
  111  7:57  Viking x2  
  127  8:05  Thor  
  133  8:06  Terran Vehicle Weapons Level 1  
  133  8:15  Terran Vehicle And Ship Armor Level 1  
  133  8:19  Hellion x3  
  135  8:23  Thor x2  
  135  8:24  Hellion  
  147  8:30  Missile Turret  
  147  8:32  Viking x2  
  149  8:53  Thor  
  149  8:54  Hellion x2  
  159  8:57  Command Center  
  159  8:58  Orbital Command  
  159  9:03  Hellion  
  159  9:06  Thor  
  159  9:07  Siege Tank  
  177  9:18  Missile Turret x2  
  168  9:38  Thor x2  
  168  9:43  Refinery x2  
Spawning Tool Build Advisor. Get it on Overwolf

Analysis

BeastyQt (TvP MECH GUIDE VS NEEB) Copy

Go to:

Details

  • Created by: wapper
  • Published on: Dec 19, 2017
  • Modified on: Dec 19, 2017
  • Patch: 4.0.0
Show
View Real Time Build Order
Export as new Build Order

Comments (0)

There are no comments. Be the first!

Create an account to comment!